 Dungeon Crawl Stone Soup version 0.27.0-1-g7a089689b8 (webtiles) character file.

Game seed: 12235940839715488704

25 inmateoo the Covered (level 2, -1/40 HPs)
             Began as a Minotaur Fighter on Aug 8, 2021.
             Slain by a kobold (2 damage)
             ... on level 2 of the Dungeon.
             The game lasted 00:00:39 (798 turns).

inmateoo the Covered (Minotaur Fighter)              Turns: 798, Time: 00:00:40

Health: -1/40      AC: 21    Str: 20    XL:     2   Next: 82%
Magic:  1/1        EV:  2    Int:  5    God:
Gold:   57         SH: 10    Dex: 15    Spells: 1/1 levels left

rFire    . . .     SeeInvis .   a - +0 war axe
rCold    . . .     Faith    .   c - +0 kite shield
rNeg     + + +     Spirit   .   (armour currently unavailable)
rPois    +         Reflect  .   (helmet currently unavailable)
rElec    .         Harm     .   (cloak currently unavailable)
rCorr    .         Rampage  .   (gloves currently unavailable)
Will     .....     NoTele   +   (boots currently unavailable)
Stlth    +.........             (no amulet)
HPRegen  0.13/turn              g - +6 ring of dexterity
MPRegen  0.07/turn              (no ring)

@: lethally poisoned (-1 -> -9), tree-form
A: stationary, stasis, torment immunity, boosted hp, (horns 2), (retaliatory
headbutt)
a: no special abilities


You were on level 2 of the Dungeon.
You were a tree.
You visited 1 branch of the dungeon, and saw 2 of its levels.

You collected 57 gold pieces.

Inventory:

Hand Weapons
 a - a +0 war axe (weapon)
Armour
 b - a +0 scale mail (melded)
 c - a +0 kite shield (worn)
Jewellery
 g - a +6 ring of dexterity (left branch)
 j - a +4 ring of slaying
Scrolls
 e - a scroll of magic mapping {unknown}
 f - a scroll of acquirement {unknown}
 i - a scroll of identify {unknown}
Potions
 d - a potion of might


   Skills:
 + Level 3.9 Fighting
 * Level 3.2 Axes
 + Level 3.9 Armour
 + Level 3.9 Shields


You had one spell level left.
You didn't know any spells.
Your spell library was empty.

Dungeon Overview and Level Annotations

Branches:
Dungeon (2/15)

Altars:

Shops:
D:1 [


Innate Abilities, Weirdness & Mutations

You are a tree.
Your roots penetrate the ground, keeping you stationary.
You cannot be teleported.
You are immune to unholy pain and torment.
Your maximum health is greatly increased.
Your equipment is partially melded.
((You have a pair of horns on your head.))
((You reflexively headbutt those who attack you in melee.))


Message History

You barely miss the endoplasm. You headbutt the endoplasm.
You kill the endoplasm!
Found a stone staircase leading down.
No target in view!
There is a stone staircase leading down here.
A rat comes into view.
A rat is nearby!
A kobold comes into view.
It is wielding a +1 short sword of venom.
The kobold shouts!
There are monsters nearby!
You closely miss the rat. The rat bites you but does no damage.
There are monsters nearby!
You closely miss the rat. You headbutt the rat.
You kill the rat!
The kobold throws a stone.
The stone hits you.
The kobold hits you with a +1 short sword of venom.
You are poisoned.
You barely miss the kobold.
You feel very sick.
The kobold hits you with a +1 short sword of venom.
You are lethally poisoned!
The kobold barely misses you.
You hit the kobold.
The kobold is heavily wounded.
You feel extremely sick.
The kobold hits you with a +1 short sword of venom.
* * * LOW HITPOINT WARNING * * *
You are too injured to fight recklessly!
It was a potion of lignification.
You turn into a tree.
Your +0 scale mail melds into your body.
Your roots penetrate the ground.
* * * LOW HITPOINT WARNING * * *
You feel very sick. You block the kobold's attack.
You closely miss the kobold.
The kobold is heavily wounded.
* * * LOW HITPOINT WARNING * * *
You feel very sick.
The kobold hits you with a +1 short sword of venom.
You die...

#####
##########...#
####
#............#
..#
#.########...#
#.# #># ##.##
##.###.# #♣#
.......# #K#
##.##### #.#
.....##### ..#
...#.....# .##
####.....# #.
.........# #.
####.....# #.
####.....#


You could see a kobold.

Vanquished Creatures
  A dart slug (D:1)
  3 endoplasms
  3 goblins (D:1)
  2 hobgoblins (D:1)
  2 quokkas (D:1)
  3 bats (D:1)
  A frilled lizard (D:1)
  2 kobolds (D:1)
  5 rats
22 creatures vanquished.

Vanquished Creatures (others)
  3 plants (D:1)
3 creatures vanquished.

Grand Total: 25 creatures vanquished

Notes
Turn   | Place    | Note
-------+----------+-------------------------------------------
     0 | D:1      | inmateoo the Minotaur Fighter began the quest for the Orb.
     0 | D:1      | Reached XP level 1. HP: 19/19 MP: 0/0
   114 | D:1      | Found Dutwip's Armour Shop.
   128 | D:1      | Reached XP level 2. HP: 27/27 MP: 1/1
   363 | D:1      | Found a faded altar of an unknown god.
   798 | D:2      | HP: 1/40 [poisoned by a kobold]
   798 | D:2      | Slain by a kobold

Illustrated notes

Levels and vault maps discovered:
D:1:      eino_arrival_druids_welcome, layout_loops_ring,
          shapermc_ecumenical_altar_petra, serial_shops, shop,
          minmay_tromino_v4_b
D:2:      layout_loops_cross, minmay_box_of_dots, uniq_jessica

Skill      XL: |  1  2 |
---------------+-------+-----
Axes           | 3 |  3.2
Fighting       | |  3.9
Armour         | |  3.9
Shields        | |  3.9

Action                   || total
-------------------------++-------
Melee: War axe           ||    40
       Headbutt          ||     6
  Use: Potion            ||     1
Armor: Scale mail        ||    10
Dodge: Dodged            ||    12
Block: Kite shield       ||    23
